 Dungeon Crawl Stone Soup version 0.29.0-13-gc9e81de378 (webtiles) character file.

Game seed: 8776054874691993960

318 Powertoast the Grave Robber (level 6, 0/32 HPs)
             Began as a Deep Elf Necromancer on Sept 10, 2022.
             Slain by a white imp (1 damage)
             ... on level 4 of the Dungeon.
             The game lasted 00:10:53 (2756 turns).

Powertoast the Grave Robber (Deep Elf Necromancer)  Turns: 2756, Time: 00:10:54

Health: 0/32       AC:  3    Str:  5    XL:     6   Next: 21%
Magic:  5/15       EV: 17    Int: 28    God:
Gold:   206        SH:  4    Dex: 15    Spells: 6/15 levels left

rFire   . . .      SeeInvis .   o - +4 dagger
rCold   . . .      Faith    .   m - +0 buckler
rNeg    . . .      Spirit   .   a - +0 robe
rPois   .          Reflect  .   i - +0 helmet
rElec   .          Harm     .   (no cloak)
rCorr   .          Rampage  .   (no gloves)
Will    .....                   (no boots)
Stlth   +++.......              (no amulet)
HPRegen 0.10/turn               j - +4 ring of evasion
MPRegen 0.14/turn               g - +6 ring of intelligence

@: no status effects
A: no striking features
a: no special abilities


You were on level 4 of the Dungeon.
You visited 1 branch of the dungeon, and saw 4 of its levels.

You collected 206 gold pieces.

Inventory:

Hand Weapons
 o - a +4 dagger (weapon)
Missiles
 n - a throwing net
Armour
 a - a +0 robe (worn)
 i - a +0 helmet (worn)
 m - a +0 buckler (worn)
Jewellery
 g - a +6 ring of intelligence (right hand)
 j - a +4 ring of evasion (left hand)
Scrolls
 d - a scroll of poison {unknown}
 e - 2 scrolls of identify {unknown}
 h - 2 scrolls of amnesia {unknown}
 q - a scroll of noise {unknown}
 s - a scroll of summoning {unknown}
Potions
 b - a potion of magic
 c - a potion of curing {unknown}
 f - 2 potions of heal wounds {unknown}
 k - a potion of brilliance {unknown}
 l - a potion of ambrosia {unknown}
 p - 2 potions of haste {unknown}
 r - a potion of might {unknown}


   Skills:
 + Level 4.1 Dodging
 + Level 4.1 Stealth
 - Level 1.1 Shields
 + Level 5.2 Spellcasting
 + Level 6.3 Necromancy


You had 6 spell levels left.
You knew the following spells:

 Your Spells              Type           Power      Damage    Failure   Level
a - Necrotise             Necr           100%       1d9       1%          1
b - Vampiric Draining     Necr           42%        2d9       1%          3
c - Agony                 Necr           42%        N/A       19%         5

Your spell library contained the following spells:

 Spells                   Type           Power      Damage    Failure   Level
 Animate Dead             Necr           42%        N/A       6%          4
 Magic Dart               Conj           28%        1d4       9%          1
 Searing Ray              Conj           14%        2d5       13%         2
 Static Discharge         Conj/Air       7%         3-4/arc   13%         2
 Gell's Gravitas          Tloc           7%         N/A       26%         3
 Lesser Beckoning         Tloc           7%         N/A       26%         3
 Teleport Other           Tloc           7%         N/A       26%         3
 Fulminant Prism          Conj/Hex       3%         3d6       65%         4
 Lightning Bolt           Conj/Air       3%         1d15      94%         5
 Maxwell's Capacitive Co  Air            3%         ∞         100%        8


Dungeon Overview and Level Annotations

Branches:
Dungeon (4/15)
 Temple: D:4-7

Altars:
Cheibriados
Okawaru
Trog


Message History

Your kobold skeleton hits the white imp but does no damage.
Your adder skeleton barely misses the white imp.
The white imp attacks as you move away!
The white imp hits you but does no damage.
The white imp barely misses your kobold skeleton.
Your kobold skeleton hits the white imp but does no damage.
Your adder skeleton barely misses the white imp.
There is a stone staircase leading up here.
You completely miss the white imp.
The white imp is lightly wounded.
The white imp hits your adder skeleton.
The white imp freezes your adder skeleton.
Your adder skeleton completely resists.
The white imp completely misses you.
Your adder skeleton barely misses the white imp.
Your kobold skeleton barely misses the white imp.
You barely miss the white imp.
The white imp is lightly wounded.
The white imp hits your adder skeleton.
Your adder skeleton is destroyed!
The white imp lashes its tail.
The white imp completely misses you.
Your kobold skeleton hits the white imp but does no damage.
You completely miss the white imp.
The white imp is lightly wounded.
You block the white imp's attack.
You hit the white imp.
The white imp is moderately wounded.
Your kobold skeleton closely misses the white imp.
The white imp gestures at you. The puff of frost hits you.
* * * LOW HITPOINT WARNING * * *
The white imp closely misses you.
Your kobold skeleton closely misses the white imp.
The white imp disappears for a moment.
The white imp gestures at you. The puff of frost hits you!
* * * LOW HITPOINT WARNING * * *
The white imp hits you.
You die...

#...... ########. #...... .
........ #...# . ##.....#.#
#...# ... #.#......#.#
###...### P..###.#......#.#
#.......O
.......#......#.###.#######
..........5.........
.......5..@.....###
......Z#.†......#
#......#).......##
###.....#####...+ #...###
##..# #... ##.# #... .#
.'... .# ..#... .#


You could see 2 white imps and a friendly kobold skeleton.

Vanquished Creatures
  A scorpion (D:3)
  An iron imp (D:3)
  Jessica (D:2)
  An iguana (D:4)
  An orc wizard (D:3)
  Robin (D:3)
  6 adders
  3 worms
  2 dart slugs (D:2)
  5 orcs
  7 bats
  6 endoplasms
  2 giant cockroaches
  10 hobgoblins
  3 jackals (D:3)
  4 kobolds
  3 quokkas
  3 ball pythons (D:2)
  2 frilled lizards
  12 goblins
  3 rats
77 creatures vanquished.

Vanquished Creatures (collateral kills)
  A goblin (D:1)
1 creature vanquished.

Vanquished Creatures (others)
  A demonic plant (D:4)
1 creature vanquished.

Grand Total: 79 creatures vanquished

Notes
Turn   | Place    | Note
-------+----------+-------------------------------------------
     0 | D:1      | Powertoast the Deep Elf Necromancer began the quest for the
                  | Orb.
     0 | D:1      | Reached XP level 1. HP: 10/10 MP: 6/6
   193 | D:1      | Reached XP level 2. HP: 13/15 MP: 6/8
   511 | D:1      | Reached skill level 5 in Necromancy
   780 | D:2      | Reached XP level 3. HP: 19/19 MP: 8/10
   848 | D:2      | Learned a level 3 spell: Vampiric Draining
   937 | D:2      | Noticed Jessica
   945 | D:2      | Killed Jessica
   946 | D:2      | Reached XP level 4. HP: 13/24 MP: 0/12
  1592 | D:3      | Found a bloodstained altar of Trog.
  1853 | D:3      | Found a snail-covered altar of Cheibriados.
  1872 | D:3      | Reached XP level 5. HP: 15/28 MP: 11/14
  1881 | D:3      | Learned a level 5 spell: Agony
  2034 | D:3      | Noticed Robin
  2051 | D:3      | Reached skill level 1 in Shields
  2072 | D:3      | Killed Robin
  2073 | D:3      | Reached skill level 6 in Necromancy
  2186 | D:3      | Found an iron altar of Okawaru.
  2460 | D:3      | Found a faded altar of an unknown god.
  2683 | D:4      | Noticed an ogre
  2698 | D:3      | Reached skill level 5 in Spellcasting
  2698 | D:3      | Reached XP level 6. HP: 17/32 MP: 7/15
  2756 | D:4      | HP: 1/32 [white imp/puff of frost (8)]
  2756 | D:4      | Slain by a white imp

Illustrated notes

Levels and vault maps discovered:
D:1:      ncdulo_lavacross, layout_rooms
D:2:      minmay_recursive_quarters, layout_basic, uniq_jessica
D:3:      layout_rooms, lemuel_round_altar, slow_altar_1, amcnicky_altar_gilded,
          shapermc_ecumenical_altar_ellora, uniq_robin
D:4:      kennysheep_six_static_rooms, layout_basic,
          mainiacjoe_overflow_catch_the_wave, serial_demonic, serial_demonic_e,
          serial_demonic_b, serial_demonic_b, serial_demonic_f,
          minmay_manual_mess, uniq_edmund

Skill      XL: |  1  2  3  4  5  6 |
---------------+-------------------+-----
Stealth        | 3 4 |  4.1
Dodging        | 3 4 |  4.1
Necromancy     | 5 6 |  6.3
Spellcasting   | 4 5 |  5.2
Shields        | 1 |  1.1

Action                   |  1- 3 |  4- 6 || total
-------------------------+-------+-------++-------
Melee: Dagger            |       |    21 ||    21
 Cast: Necrotise         |    40 |    80 ||   120
       Vampiric Draining |     2 |     6 ||     8
Armor: Robe              |     2 |     8 ||    10
Dodge: Dodged            |     4 |    42 ||    46
Block: Buckler           |       |     8 ||     8
